 Dungeon Crawl Stone Soup version 0.29-a0-1027-gcd8c55af63 (webtiles) character file.

Game seed: 3835696087814053961

422 Locuples the Sneak (level 6, -1/44 HPs)
             Began as a Demonspawn Brigand on Aug 12, 2022.
             Slain by an iguana (2 damage)
             ... on level 5 of the Dungeon.
             The game lasted 00:06:47 (4282 turns).

Locuples the Sneak (Demonspawn Brigand)             Turns: 4282, Time: 00:06:47

Health: -1/44      AC:  5    Str: 11    XL:     6   Next: 63%
Magic:  6/6        EV: 12    Int: 12    God:
Gold:   246        SH:  0    Dex: 23    Spells: 5/5 levels left

rFire   . . .      SeeInvis .   a - +2 dagger
rCold   . . .      Faith    .   (no shield)
rNeg    . . .      Spirit   .   b - +0 robe
rPois   .          Reflect  .   j - +0 helmet
rElec   .          Harm     .   c - +0 cloak
rCorr   .          Rampage  .   (no gloves)
Will    .....                   w - +0 pair of boots
Stlth   ++++......              (no amulet)
HPRegen 0.14/turn               k - +6 ring of dexterity
MPRegen 0.10/turn               (no ring)

@: no status effects
A: claws 2, ignite blood 1, spiny 1
a: no special abilities


You were on level 5 of the Dungeon.
You visited 1 branch of the dungeon, and saw 5 of its levels.

You collected 246 gold pieces.

Inventory:

Hand Weapons
 a - a +2 dagger (weapon)
Missiles
 d - 11 poisoned darts (quivered)
 e - 3 curare-tipped darts
Armour
 b - a +0 robe (worn)
 c - a +0 cloak (worn)
 j - a +0 helmet (worn)
 w - a +0 pair of boots (worn)
Jewellery
 k - a +6 ring of dexterity (left claw)
 m - an amulet of magic regeneration
 o - a +6 ring of dexterity
 x - a ring of flight
Scrolls
 f - 2 scrolls of teleportation
 h - a scroll of immolation {unknown}
 i - 3 scrolls of enchant weapon
 l - a scroll of butterflies {unknown}
 n - a scroll of summoning {unknown}
 r - 2 scrolls of blinking
 s - 3 scrolls of enchant armour
 v - a scroll of magic mapping {unknown}
Potions
 g - a potion of curing
 p - a potion of haste {unknown}
 q - a potion of invisibility {unknown}
 t - 3 potions of degeneration {unknown}
 u - a potion of heal wounds {unknown}


   Skills:
 - Level 2.0 Fighting
 + Level 3.2 Short Blades
 - Level 1.7 Throwing
 - Level 0.8 Dodging
 * Level 7.2 Stealth


You had 5 spell levels left.
You didn't know any spells.
Your spell library contained the following spells:

 Spells                   Type           Power      Damage    Failure   Level
 Sting                    Tmut/Pois      0%         1d3       32%         1
 Ensorcelled Hibernation  Hex/Ice        0%         N/A       45%         2
 Passwall                 Tmut/Erth      0%         N/A       45%         2
 Poisonous Vapours        Pois/Air       0%         N/A       45%         2
 Sublimation of Blood     Necr           0%         N/A       45%         2
 Wereblood                Tmut           0%         N/A       45%         2
 Swiftness                Air            0%         N/A       69%         3
 Olgreb's Toxic Radiance  Pois           0%         N/A       97%         4
 Summon Hydra             Summ           0%         N/A       100%        7


Dungeon Overview and Level Annotations

Branches:
Dungeon (5/15)
 Temple: D:4-7

Altars:
Cheibriados
Gozag
Xom


Innate Abilities, Weirdness & Mutations

You have very sharp fingernails.
Your demonic aura sometimes causes spilled blood to erupt in flames.
You are partially covered in sharp spines.


Message History

The scorpion stings you but does no damage.
You hit the scorpion.
The scorpion is almost dead.
The scorpion stings you.
You are poisoned.
The scorpion poisons you!
You closely miss the scorpion.
The scorpion is almost dead.
You feel sick. The scorpion stings you.
You are lethally poisoned!
The scorpion poisons you!
You barely miss the scorpion.
The scorpion is almost dead.
* * * LOW HITPOINT WARNING * * *
You feel very sick. The scorpion closely misses you.
You feel better. The scorpion misses you.
You hit the scorpion.
You kill the scorpion!
You start resting.
An iguana comes into view.
You start resting.
An iguana is nearby!
You see here an adder corpse.
The iguana hisses angrily.
You hit the iguana but do no damage. The iguana bites you!
You hit the iguana.
The iguana is lightly wounded.
The iguana bites you!
* * * LOW HITPOINT WARNING * * *
You barely miss the iguana.
The iguana is lightly wounded.
You closely miss the iguana.
The iguana is lightly wounded.
The iguana bites you!
* * * LOW HITPOINT WARNING * * *
You hit the iguana.
The iguana is lightly wounded.
The iguana is struck by your spines. The iguana bites you.
You die...

..... ###.......
####......... .
###............
#.#..............
.#...............
.......l.........
#..@.........
##...........
##..†.......
##.....$...#
##...#....##.
##...######...
#...## .. ##..##
. ##..#####


You could see an iguana.

Vanquished Creatures
  A phantom (D:5)
  Blork the orc (D:4)
  2 scorpions
  An orc priest (D:4)
  Terence (D:2)
  3 adders
  A shadow imp (D:4)
  2 dart slugs (D:1)
  2 orcs (D:4)
  4 ball pythons
  6 bats
  8 endoplasms
  2 giant cockroaches (D:1)
  7 goblins
  7 hobgoblins
  8 jackals
  6 kobolds
  5 quokkas
  2 frilled lizards
  2 rats
71 creatures vanquished.

Notes
Turn   | Place    | Note
-------+----------+-------------------------------------------
     0 | D:1      | Locuples the Demonspawn Brigand began the quest for the
                  | Orb.
     0 | D:1      | Reached XP level 1. HP: 16/16 MP: 1/1
    96 | D:1      | Reached skill level 4 in Stealth
   102 | D:1      | Gained mutation: You are partially covered in sharp spines.
                  | [demonic ancestry]
   102 | D:1      | Reached XP level 2. HP: 17/22 MP: 2/2
   177 | D:1      | Found a faded altar of an unknown god.
   479 | D:1      | Gained mutation: Your demonic aura sometimes causes spilled
                  | blood to erupt in flames. [demonic ancestry]
   479 | D:1      | Reached XP level 3. HP: 13/27 MP: 3/3
   957 | D:2      | Noticed Terence
   970 | D:2      | Killed Terence
   971 | D:2      | Reached skill level 5 in Stealth
  1339 | D:2      | Gained mutation: You have sharp fingernails. [demonic
                  | ancestry]
  1339 | D:2      | Reached XP level 4. HP: 33/33 MP: 4/4
  2210 | D:3      | Found an opulent altar of Gozag.
  2537 | D:3      | Found a shimmering altar of Xom.
  2849 | D:4      | Noticed a scorpion
  2876 | D:4      | Killed a scorpion
  2877 | D:4      | Gained mutation: You have very sharp fingernails. [demonic
                  | ancestry]
  2877 | D:4      | Reached XP level 5. HP: 30/38 MP: 5/5
  3004 | D:4      | Noticed Blork the orc
  3011 | D:4      | Killed Blork the orc
  3012 | D:4      | Reached skill level 6 in Stealth
  3623 | D:4      | Found a snail-covered altar of Cheibriados.
  3892 | D:4      | Reached XP level 6. HP: 39/44 MP: 6/6
  4065 | D:5      | Entered Level 5 of the Dungeon
  4133 | D:5      | Reached skill level 7 in Stealth
  4281 | D:5      | HP: 1/44 [iguana (12)]
  4282 | D:5      | Slain by an iguana

Illustrated notes

Levels and vault maps discovered:
D:1:      spicycebolla_arrival_risky_transporter, layout_rooms,
          dreamdust_ecumenical_altar_angels_and_demons,
          chequers_serial_rivers_marsh, chequers_arboretum
D:2:      layout_basic, grunt_ministairs_15, uniq_terence
D:3:      kennysheep_six_static_rooms, layout_loops_ring,
          nicolae_gozag_seed_capital, lemuel_crystal_altar
D:4:      layout_basic, nicolae_overflow_crystal_walls,
          hangedman_abyss_or_decor_stagger, uniq_blork_the_orc
D:5:      layout_cave_pods, mainiacjoe_overflow_24_doors, serial_shops, shop

Skill      XL: |  1  2  3  4  5  6 |
---------------+-------------------+-----
Stealth        | 4 5 6 7 |  7.2
Short Blades   | 2 3 |  3.2
Fighting       | |  2.0
Throwing       | |  1.7
Dodging        | |  0.8

Action                   |  1- 3 |  4- 6 || total
-------------------------+-------+-------++-------
Melee: Dagger            |    63 |    90 ||   153
       Punch             |     1 |       ||     1
  Use: Scroll            |       |     5 ||     5
       Potion            |       |     3 ||     3
 Stab: Sleeping          |     8 |     9 ||    17
Armor: Robe              |    14 |    13 ||    27
Dodge: Dodged            |    32 |    45 ||    77

Table legend: (Time is in decaauts)
 A = Elapsed time spent in this place.
 B = Non-inter-level travel time spent in this place.
 C = Inter-level travel time spent in this place.
 D = Time resting spent in this place.
 E = Time spent auto-exploring this place.
 F = Levels seen in this place.
 G = Mean time per level.
                   A        B        C        D        E       F      G
               +--------+--------+--------+--------+--------+-----+--------+
         Total |   4264 |   4051 |    213 |    323 |   3040 |   5 |  852.8 |
       Dungeon |   4264 |   4051 |    213 |    323 |   3040 |   5 |  852.8 |
               +--------+--------+--------+--------+--------+-----+--------+

Top non-repeatable levels by time:
     D:4: 1243 daAuts
     D:2: 1035 daAuts
     D:1: 903 daAuts
     D:3: 868 daAuts
     D:5: 213 daAuts
